TOP OF THE 1ST |
Kannapolis Intimidators batting - Pitching for Lake County Captains : LHP Baltwin van Vliet
|
Pitching: LHP Baltwin van Vliet
|
|
Batting: LHB Jamel Alexander
|
0-0: Ball 1-0: Foul Ball, location: 2F 1-1: Foul Ball, location: 2F 1-2: SINGLE (Groundball, 25, EV 70.0 MPH) (infield hit)
|
Batting: RHB Mark Jones
|
0-0: Called Strike 0-1: Called Strike 0-2: Fly out, F8 (Line Drive, 8LM, EV 95.0 MPH)
|
Batting: RHB Vic Lucatero
|
0-0: Called Strike 0-1: Foul Ball, location: 2F 0-2: Ball 1-2: SINGLE (Groundball, 6MD, EV 96.2 MPH) Jamel Alexander to second
|
Batting: RHB Jeff Cox
|
0-0: Foul Ball, location: 2F 0-1: Ball 1-1: Ball 2-1: Swinging Strike 2-2: SINGLE (Groundball, 6MD, EV 100.0 MPH) Jamel Alexander to third Vic Lucatero to second Runner from 3rd tries for Home, SAFE, throw by CF to home
|
Batting: LHB Robert Rauda
|
0-0: Foul Ball, location: 2F 0-1: Foul Ball, location: 2F 0-2: Strikes out swinging
|
Batting: SHB Josh Conner
|
0-0: Ball 1-0: Ball 2-0: Called Strike 2-1: Foul Ball, location: 2F 2-2: Strikes out swinging
|
Top of the 1st over - 1 run, 3 hits, 0 errors, 2 left on base; Kannapolis 1 - Lake County 0 |
BOTTOM OF THE 1ST |
Lake County Captains batting - Pitching for Kannapolis Intimidators : RHP Marcus Golightly
|
Pitching: RHP Marcus Golightly
|
|
Batting: RHB Steve Gusman
|
0-0: Bunt missed! 0-1: Ground out 4-3 (Groundball, 4, EV 78.8 MPH)
|
Batting: LHB Devon Grant
|
0-0: Ball 1-0: Ground out 4-3 (Groundball, 4, EV 103.1 MPH)
|
Batting: LHB Danny Moreno
|
0-0: Foul Ball, location: 2F 0-1: Foul Ball, location: 2F 0-2: Strikes out swinging
|
Bottom of the 1st over - 0 runs, 0 hits, 0 errors, 0 left on base; Kannapolis 1 - Lake County 0 |
TOP OF THE 2ND |
Kannapolis Intimidators batting - Pitching for Lake County Captains : LHP Baltwin van Vliet
|
Batting: RHB Tyrell Camp
|
0-0: Ball 1-0: Called Strike 1-1: Ball 2-1: Foul Ball, location: 2F 2-2: Strikes out swinging
|
Batting: SHB Matt Childers
|
0-0: Ball 1-0: Fly out, F8 (Flyball, 78M, EV 88.8 MPH)
|
Batting: SHB Jason Bresnahan
|
0-0: Ball 1-0: Swinging Strike 1-1: Reached on error, E3 (Groundball, 34S, EV 86.2 MPH)
|
Batting: LHB Jamel Alexander
|
0-0: Ground out 4-3 (Groundball, 34, EV 101.9 MPH)
|
Top of the 2nd over - 0 runs, 0 hits, 1 error, 1 left on base; Kannapolis 1 - Lake County 0 |
BOTTOM OF THE 2ND |
Lake County Captains batting - Pitching for Kannapolis Intimidators : RHP Marcus Golightly
|
Batting: RHB Shane Smith
|
0-0: Called Strike 0-1: Ball 1-1: Foul Ball, location: 2F 1-2: Foul Ball, location: 2F 1-2: SOLO HOME RUN (Flyball, 89XD, EV 101.9 MPH), Distance : 391 ft
|
Batting: RHB Josh Stinnett
|
0-0: Ground out 6-3 (Groundball, 6MS, EV 65.0 MPH)
|
Batting: RHB Seth Rutz
|
0-0: Fly out, F8 (Flyball, 78M, EV 88.1 MPH)
|
Batting: RHB David Schweitzer
|
0-0: Called Strike 0-1: Foul Ball, location: 2F 0-2: Ball 1-2: SINGLE (Groundball, 5S, EV 74.4 MPH) (infield hit)
|
Batting: RHB Vij Ramamani
|
0-0: Ball 1-0: Swinging Strike 1-1: Ball 2-1: Ball 3-1: Base on Balls David Schweitzer to second
|
Batting: RHB Gashie Chimsima
|
0-0: Called Strike 0-1: Swinging Strike 0-2: Ball 1-2: Ball 2-2: DOUBLE (Flyball, 78D, EV 91.2 MPH) David Schweitzer scores Vij Ramamani to third
|
Batting: RHB Steve Gusman
|
0-0: Called Strike 0-1: Swinging Strike 0-2: SINGLE (Line Drive, 6MD, EV 97.5 MPH) Vij Ramamani scores Gashie Chimsima to third Runner from 3rd tries for Home, SAFE, throw by CF to home Steve Gusman to second
|
Batting: LHB Devon Grant
|
0-0: Ball 1-0: Ball 2-0: SINGLE (Flyball, 5D, EV 85.6 MPH) Steve Gusman to third Runner from 3rd tries for Home, SAFE, throw by LF to home
|
Batting: LHB Danny Moreno
|
0-0: Ball 1-0: Swinging Strike 1-1: SINGLE (Groundball, 4MD, EV 108.8 MPH) Devon Grant to second Runner from 2nd tries for 3rd, SAFE, throw by CF made to third Danny Moreno to second
|
Pitching: RHP Ricardo Bautista
|
|
Batting: RHB Shane Smith
|
0-0: DOUBLE (Flyball, 89XD, EV 112.5 MPH) Devon Grant scores Danny Moreno scores
|
Batting: RHB Josh Stinnett
|
0-0: Called Strike 0-1: Swinging Strike 0-2: Ball 1-2: Foul Ball, location: 2F 1-2: Foul Ball, location: 2F 1-2: Ball 2-2: Fly out, F7 (Flyball, 7, EV 84.4 MPH)
|
Bottom of the 2nd over - 7 runs, 7 hits, 0 errors, 1 left on base; Kannapolis 1 - Lake County 7 |
TOP OF THE 3RD |
Kannapolis Intimidators batting - Pitching for Lake County Captains : LHP Baltwin van Vliet
|
Batting: RHB Mark Jones
|
0-0: Swinging Strike 0-1: Called Strike 0-2: Strikes out looking
|
Batting: RHB Vic Lucatero
|
0-0: Ground out U3 (Groundball, 3S, EV 67.5 MPH)
|
Batting: RHB Jeff Cox
|
0-0: Called Strike 0-1: Called Strike 0-2: Ground out 5-3 (Groundball, 56S, EV 81.2 MPH)
|
Top of the 3rd over - 0 runs, 0 hits, 0 errors, 0 left on base; Kannapolis 1 - Lake County 7 |
BOTTOM OF THE 3RD |
Lake County Captains batting - Pitching for Kannapolis Intimidators : RHP Ricardo Bautista
|
Batting: RHB Seth Rutz
|
0-0: Called Strike 0-1: Swinging Strike 0-2: Ball 1-2: Ball 2-2: Strikes out swinging
|
Batting: RHB David Schweitzer
|
0-0: Called Strike 0-1: Ball 1-1: Ball 2-1: Ball 3-1: Base on Balls
|
Batting: RHB Vij Ramamani
|
0-0: Ball 1-0: Foul Ball, location: 2F 1-1: Called Strike 1-2: Strikes out swinging
|
Batting: RHB Gashie Chimsima
|
0-0: Called Strike 0-1: Swinging Strike 0-2: Strikes out swinging
|
Bottom of the 3rd over - 0 runs, 0 hits, 0 errors, 1 left on base; Kannapolis 1 - Lake County 7 |
TOP OF THE 4TH |
Kannapolis Intimidators batting - Pitching for Lake County Captains : LHP Baltwin van Vliet
|
Batting: LHB Robert Rauda
|
0-0: Ball 1-0: Swinging Strike 1-1: Fly out, F9 (Line Drive, 9, EV 106.9 MPH)
|
Batting: SHB Josh Conner
|
0-0: Ball 1-0: Called Strike 1-1: Foul Ball, location: 2F 1-2: Foul Ball, location: 2F 1-2: Ball 2-2: SOLO HOME RUN (Flyball, 78XD, EV 115.6 MPH), Distance : 441 ft
|
Batting: RHB Tyrell Camp
|
0-0: Called Strike 0-1: Ball 1-1: Foul Ball, location: 2F 1-2: Foul Ball, location: 2F 1-2: Ball 2-2: Foul Ball, location: 2F 2-2: Ground out 6-3 (Groundball, 4M, EV 77.5 MPH)
|
Batting: SHB Matt Childers
|
0-0: Ground out 6-3 (Groundball, 6, EV 88.8 MPH)
|
Top of the 4th over - 1 run, 1 hit, 0 errors, 0 left on base; Kannapolis 2 - Lake County 7 |
BOTTOM OF THE 4TH |
Lake County Captains batting - Pitching for Kannapolis Intimidators : RHP Ricardo Bautista
|
Batting: RHB Steve Gusman
|
0-0: Ball 1-0: Foul Ball, location: 2F 1-1: Ball 2-1: Ball 3-1: Base on Balls
|
Batting: LHB Devon Grant
|
0-0: Ball Steve Gusman is caught stealing 2nd base 2-6 1-0: Foul Ball, location: 2F 1-1: Ball 2-1: Ground out 6-3 (Groundball, 6, EV 90.6 MPH)
|
Batting: LHB Danny Moreno
|
0-0: Called Strike 0-1: SOLO HOME RUN (Flyball, 7LD, EV 98.8 MPH), Distance : 357 ft
|
Batting: RHB Shane Smith
|
0-0: Called Strike 0-1: Ball 1-1: Fly out, F7 (Line Drive, 7, EV 89.4 MPH)
|
Bottom of the 4th over - 1 run, 1 hit, 0 errors, 0 left on base; Kannapolis 2 - Lake County 8 |
TOP OF THE 5TH |
Kannapolis Intimidators batting - Pitching for Lake County Captains : LHP Baltwin van Vliet
|
Batting: SHB Jason Bresnahan
|
0-0: Ball 1-0: Ball 2-0: DOUBLE (Groundball, 5L, EV 113.1 MPH)
|
Batting: LHB Jamel Alexander
|
0-0: Foul Ball, location: 2F 0-1: Ball Jason Bresnahan steals 3rd base 1-1: Ground out 4-3 (Groundball, 4M, EV 75.6 MPH) Jason Bresnahan scores
|
Batting: RHB Mark Jones
|
0-0: Swinging Strike 0-1: Foul Ball, location: 2F 0-2: Ball 1-2: Ground out 5-3 (Groundball, 56S, EV 90.6 MPH)
|
Batting: RHB Vic Lucatero
|
0-0: Called Strike 0-1: Foul Ball, location: 2F 0-2: Strikes out swinging
|
Top of the 5th over - 1 run, 1 hit, 0 errors, 0 left on base; Kannapolis 3 - Lake County 8 |
BOTTOM OF THE 5TH |
Lake County Captains batting - Pitching for Kannapolis Intimidators : RHP Ricardo Bautista
|
Batting: RHB Josh Stinnett
|
0-0: Foul Ball, location: 2F 0-1: Foul Ball, location: 2F 0-2: Ball 1-2: Strikes out swinging
|
Batting: RHB Seth Rutz
|
0-0: Foul Ball, location: 2F 0-1: Ball 1-1: Foul Ball, location: 2F 1-2: Ball 2-2: Strikes out swinging
|
Pitching: LHP Datu Callanta
|
|
Batting: RHB David Schweitzer
|
0-0: Ball 1-0: Swinging Strike 1-1: Ball 2-1: Foul Ball, location: 2F 2-2: Strikes out swinging
|
Bottom of the 5th over - 0 runs, 0 hits, 0 errors, 0 left on base; Kannapolis 3 - Lake County 8 |
TOP OF THE 6TH |
Kannapolis Intimidators batting - Pitching for Lake County Captains : LHP Baltwin van Vliet
|
Batting: RHB Jeff Cox
|
0-0: Foul Ball, location: 2F 0-1: Called Strike 0-2: Strikes out looking
|
Batting: LHB Robert Rauda
|
0-0: Ball 1-0: Fly out, F7 (Flyball, 7, EV 92.5 MPH)
|
Batting: SHB Josh Conner
|
0-0: Ball 1-0: Foul Ball, location: 2F 1-1: Called Strike 1-2: Strikes out looking
|
Top of the 6th over - 0 runs, 0 hits, 0 errors, 0 left on base; Kannapolis 3 - Lake County 8 |
BOTTOM OF THE 6TH |
Lake County Captains batting - Pitching for Kannapolis Intimidators : LHP Datu Callanta
|
Batting: RHB Vij Ramamani
|
0-0: Ground out 6-3 (Groundball, 6, EV 106.2 MPH)
|
Batting: RHB Gashie Chimsima
|
0-0: Ball 1-0: Ball 2-0: Called Strike 2-1: Ball 3-1: Base on Balls
|
Batting: RHB Steve Gusman
|
0-0: Foul Ball, location: 2F 0-1: Grounds into double play, 4-6-3 (Groundball, 34, EV 104.4 MPH)
|
Bottom of the 6th over - 0 runs, 0 hits, 0 errors, 0 left on base; Kannapolis 3 - Lake County 8 |
TOP OF THE 7TH |
Kannapolis Intimidators batting - Pitching for Lake County Captains : LHP Baltwin van Vliet
|
Batting: RHB Tyrell Camp
|
0-0: Called Strike 0-1: Ball 1-1: Ball 2-1: Swinging Strike 2-2: Ground out 6-3 (Groundball, 6, EV 105.0 MPH)
|
Batting: SHB Matt Childers
|
0-0: Ball 1-0: Called Strike 1-1: Ball 2-1: Called Strike 2-2: SINGLE (Line Drive, 8LS, EV 96.9 MPH)
|
Batting: SHB Jason Bresnahan
|
0-0: Swinging Strike 0-1: Foul Ball, location: 2F 0-2: Ball 1-2: Foul Ball, location: 2F 1-2: Foul Ball, location: 2F 1-2: Ball 2-2: Strikes out looking
|
Pitching: RHP Tim bin Fadi
|
|
Batting: LHB Jamel Alexander
|
0-0: Foul Ball, location: 2F 0-1: Ball 1-1: Ball Passed Ball! Matt Childers to second 2-1: Swinging Strike 2-2: SINGLE (Groundball, 6S, EV 68.8 MPH) (infield hit) Matt Childers to third
|
Batting: RHB Mark Jones
|
0-0: Ball 1-0: Ball 2-0: Called Strike 2-1: SINGLE (Line Drive, 78S, EV 105.6 MPH) Matt Childers scores Jamel Alexander to second
|
Batting: RHB Vic Lucatero
|
0-0: Ball 1-0: Ball 2-0: Ball 3-0: SINGLE (Line Drive, 56D, EV 98.8 MPH) Jamel Alexander to third Mark Jones to second Runner from 3rd tries for Home, SAFE, throw by LF to home
|
Batting: RHB Jeff Cox
|
0-0: Fly out, F8 (Flyball, 8RD, EV 83.1 MPH)
|
Top of the 7th over - 2 runs, 4 hits, 0 errors, 2 left on base; Kannapolis 5 - Lake County 8 |
BOTTOM OF THE 7TH |
Lake County Captains batting - Pitching for Kannapolis Intimidators : LHP Datu Callanta
|
Pitching: RHP Mike Tolley
|
|
Batting: LHB Devon Grant
|
0-0: Ball 1-0: Called Strike 1-1: Ground out 4-3 (Groundball, 4MD, EV 83.8 MPH)
|
Batting: LHB Danny Moreno
|
0-0: Foul Ball, location: 2F 0-1: Called Strike 0-2: SINGLE (Line Drive, 34D, EV 98.1 MPH)
|
Batting: RHB Shane Smith
|
0-0: 2-RUN HOME RUN (Flyball, 8LXD, EV 110.6 MPH), Distance : 444 ft
|
Batting: RHB Josh Stinnett
|
0-0: Foul Ball, location: 2F 0-1: Ball 1-1: Swinging Strike 1-2: SINGLE (Line Drive, 56, EV 105.6 MPH)
|
Batting: RHB Seth Rutz
|
0-0: Ball Josh Stinnett is caught stealing 2nd base 2-4 1-0: Ball 2-0: Ball 3-0: Called Strike 3-1: Base on Balls
|
Batting: RHB David Schweitzer
|
0-0: Hit by Pitch Seth Rutz to second
|
Batting: RHB Vij Ramamani
|
0-0: Called Strike 0-1: Called Strike 0-2: Ball 1-2: Foul Ball, location: 2F 1-2: Strikes out swinging
|
Bottom of the 7th over - 2 runs, 3 hits, 0 errors, 2 left on base; Kannapolis 5 - Lake County 10 |
TOP OF THE 8TH |
Kannapolis Intimidators batting - Pitching for Lake County Captains : RHP Tim bin Fadi
|
Batting: LHB Robert Rauda
|
0-0: Ground out 4-3 (Groundball, 4, EV 86.9 MPH)
|
Batting: SHB Josh Conner
|
0-0: Called Strike 0-1: Ball 1-1: Fly out, F7 (Line Drive, 7, EV 111.9 MPH)
|
Batting: RHB Tyrell Camp
|
0-0: Ball 1-0: Ball 2-0: Fly out, F7 (Flyball, 7S, EV 85.6 MPH)
|
Top of the 8th over - 0 runs, 0 hits, 0 errors, 0 left on base; Kannapolis 5 - Lake County 10 |
BOTTOM OF THE 8TH |
Lake County Captains batting - Pitching for Kannapolis Intimidators : RHP Mike Tolley
|
Batting: RHB Gashie Chimsima
|
0-0: Called Strike 0-1: Swinging Strike 0-2: Strikes out swinging
|
Batting: RHB Steve Gusman
|
0-0: Ball 1-0: Foul Ball, location: 2F 1-1: Ball 2-1: Ball 3-1: Base on Balls
|
Pitching: RHP Frank Gamez
|
|
Batting: LHB Devon Grant
|
0-0: Ball 1-0: Fielders Choice at 2nd, 5-4 (Groundball, 5, EV 110.0 MPH)
|
Batting: LHB Danny Moreno
|
0-0: Fly out, F8 (Flyball, 78XD, EV 100.6 MPH)
|
Bottom of the 8th over - 0 runs, 0 hits, 0 errors, 1 left on base; Kannapolis 5 - Lake County 10 |
TOP OF THE 9TH |
Kannapolis Intimidators batting - Pitching for Lake County Captains : RHP Tim bin Fadi
|
Batting: SHB Matt Childers
|
0-0: Ball 1-0: Called Strike 1-1: Swinging Strike 1-2: SOLO HOME RUN (Flyball, 7LD, EV 99.4 MPH), Distance : 372 ft
|
Batting: SHB Jason Bresnahan
|
0-0: Ball 1-0: Foul Ball, location: 2F 1-1: Ball 2-1: Ball 3-1: Foul Ball, location: 2F 3-2: Foul Ball, location: 2F 3-2: Strikes out looking
|
Batting: LHB Jamel Alexander
|
0-0: SINGLE (Line Drive, 7LS, EV 100.6 MPH)
|
Batting: RHB Mark Jones
|
0-0: Called Strike 0-1: Ball 1-1: Ball 2-1: Foul Ball, location: 2F 2-2: Foul Ball, location: 2F 2-2: Fielders Choice at 2nd, 5-4 (Groundball, 56, EV 80.6 MPH)
|
Pitching: RHP Malachi Shelton
|
|
Batting: RHB Vic Lucatero
|
0-0: Ball 1-0: Ball 2-0: Called Strike 2-1: Ground out 4-3 (Groundball, 34, EV 86.2 MPH)
|
Top of the 9th over - 1 run, 2 hits, 0 errors, 1 left on base; Kannapolis 6 - Lake County 10 |
|